 Dungeon Crawl Stone Soup version 0.25-a0-544-gee0576305d (webtiles) character file.

Game seed: 6505708565460851147, levelgen mode: classic

198436 EnegeticOcto the Champion of Chaos (level 17, -10/166 HPs)
             Began as a Deep Dwarf Fighter on Feb 20, 2020.
             Was the Champion of Makhleb.
             Mangled by Mennas
             ... wielding a +2 sacred scourge of holy wrath
              (18 damage)
             ... on level 2 of the Vaults.
             The game lasted 00:18:12 (18625 turns).

EnegeticOcto the Champion of Chaos (DDFi)          Turns: 18625, Time: 00:18:13

Health: -10/166    AC: 26    Str: 34    XL:     17   Next: 37%
Magic:  0/0        EV: 13    Int: 13    God:    Makhleb [******]
Gold:   1524       SH: 14    Dex: 12    Spells: 16/16 levels left

rFire    + . .     SeeInvis +   a - +1 broad axe (flame)
rCold    . . .     Gourm    .   c - +0 kite shield
rNeg     + . .     Faith    +   U - +1 plate armour {rF+}
rPois    +         Spirit   .   V - +2 helmet {SInv}
rElec    +         Reflect  .   h - +1 cloak
rCorr    .         Harm     .   (no gloves)
MR       ++...                  f - +2 pair of boots "Feageoqa" {rElec rPois}
Stlth    ..........             L - amulet of faith
HPRegen  0.00/turn              (no ring)
MPRegen  0.07/turn              H - ring of Tiuv {Int+2 Slay+5, =R}

@: mighty, non-regenerating, glowing
A: damage resistance, heal wounds, clever 1, low mp 1, negative energy
resistance 1, sense surroundings 2, strong 1, no regeneration
}: 2/15 runes: decaying, gossamer
a: Heal Wounds, Minor Destruction, Lesser Servant of Makhleb, Major Destruction,
Greater Servant of Makhleb, Renounce Religion


You were on level 2 of the Vaults.
You worshipped Makhleb.
Makhleb was exalted by your worship.
You were not hungry.

You visited 7 branches of the dungeon, and saw 32 of its levels.
You also visited: Gauntlet.

You collected 2614 gold pieces.
You spent 1090 gold pieces at shops.

Inventory:

Hand Weapons
 a - a +1 broad axe of flaming (weapon)
 v - a +2 broad axe
 T - a +1 war axe of distortion
Missiles
 b - 6 throwing nets (quivered)
Armour
 c - a +0 kite shield (worn)
 f - the +2 pair of boots "Feageoqa" (worn) {rElec rPois}
   (You bought it in a shop on level 2 of the Orcish Mines)

   It insulates you from electricity.
   It protects you from poison.
   If you remove this armour, your AC will decrease by 4 (26 -> 22).
 h - a +1 cloak (worn)
 U - a +1 plate armour of fire resistance (worn)
 V - a +2 helmet of see invisible (worn)
Jewellery
 H - the ring of Tiuv (right hand) {Int+2 Slay+5, =R}
   (You acquired it on level 2 of the Lair of Beasts)

   [ring of slaying]

   It affects your intelligence (+2).
   It affects your accuracy and damage with ranged weapons and melee attacks
   (+5).
 L - an amulet of faith (around neck)
Wands
 y - a wand of enslavement (15)
 A - a wand of disintegration (43)
 B - a wand of digging (9) {@v2}
 C - a wand of flame (40)
 D - a wand of acid (16) {@v1}
 G - a wand of polymorph (4)
 J - a wand of paralysis (9)
 M - a wand of iceblast (10)
 N - a wand of scattershot (7)
Scrolls
 d - 2 scrolls of enchant armour
 g - 10 scrolls of remove curse {@r6}
 o - 3 scrolls of identify {@r1}
 q - 6 scrolls of fog
 u - 10 scrolls of teleportation {@r2}
 w - 2 scrolls of immolation {@r4}
 E - 4 scrolls of amnesia
 F - 2 scrolls of magic mapping {@r5}
 K - 2 scrolls of fear
Potions
 i - a potion of lignification {@q7}
 j - 2 potions of stabbing {@q5}
 k - 5 potions of might {@q3}
 m - 2 potions of resistance {@q6}
 n - 2 potions of haste {@q4}
 p - 2 potions of invisibility
 r - 3 potions of mutation
 s - 3 potions of magic
 t - 3 potions of curing {@q1}
 z - 3 potions of ambrosia
 I - 2 potions of cancellation {unknown}
 O - a potion of experience {unknown}
 Q - a potion of berserk rage {unknown}
Comestibles
 e - 44 rations
 l - 11 chunks of flesh


   Skills:
 * Level 14.3 Fighting
 * Level 16.5 Axes
 + Level 12.4 Armour
 - Level 10.9 Dodging
 + Level 12.4 Shields
 * Level 17.9 Invocations


You had 16 spell levels left.
You didn't know any spells.
Your spell library was empty.

Dungeon Overview and Level Annotations

Branches:
Dungeon (15/15)            Temple (1/1) D:7            Lair (4/6) D:11
  Swamp (4/4) Lair:4       Spider (4/4) Lair:4          Orc (2/2) D:10
    Elf (0/3) Orc:2        Vaults (2/5) D:13         Depths (0/5) D:15
Gauntlet (visited)
  Crypt: Vaults:2-3

Altars:
Cheibriados
Dithmenos
Elyvilon
Gozag
Hepliaklqana
Kikubaaqudgha
Makhleb
Nemelex Xobeh
Qazlal
Sif Muna
Trog
Uskayaw
Wu Jian
Xom
Yredelemnul
Zin
Beogh

Shops:
D:9 =   Orc:2 (%[*

Annotations:
Spider:4 2 transporters, EnegeticOcto's ghost, journeyman DDFi
Vaults:2 Mennas


Innate Abilities, Weirdness & Mutations

You are resistant to damage.
You can heal yourself by infusing magical energy.
You resist negative energy. (rN+)
You passively map the area around you.
You do not regenerate.
Your mind is acute. (Int +2)
Your magical capacity is low. (-10% MP)
Your muscles are strong. (Str +2)


Message History

Mennas is almost dead.
Mennas burns!
You block Mennas's attack.
Mennas hits you with a +2 sacred scourge of holy wrath.
Mennas blocks your balrug's attack.
Mennas hits your balrug with a +2 sacred scourge of holy wrath.
Your balrug convulses.
Mennas hits your balrug with a +2 sacred scourge of holy wrath!!
Your balrug convulses!!
Mennas blocks your attack.
Mennas is almost dead.
Mennas burns!
The vault sentinel blows a loud note on a signal horn!
Mennas hits your balrug with a +2 sacred scourge of holy wrath!!
Your balrug dies!
Mennas blocks your attack.
Mennas is almost dead.
Mennas burns!
Mennas stops burning.
Mennas becomes audible again.
Mennas hits you but does no damage. Mennas closely misses you.
Mennas blocks your attack.
Mennas is almost dead.
Mennas gestures frantically.
Mennas is healed somewhat.
Mennas blocks your attack.
Mennas is almost dead.
Mennas hits you but does no damage. x2
You don't have enough innate magic capacity.
Mennas blocks your attack.
Mennas is almost dead.
You block Mennas's attack. x2; Mennas hits you but does no damage. x2
Mennas blocks your attack.
Mennas is severely wounded.
The vault sentinel blows a loud note on a signal horn!
You block Mennas's attack.
Mennas hits you with a +2 sacred scourge of holy wrath.
Evoke which item? (* to show all) (? for menu, Esc to quit)
Aiming: Corrosive Bolt
Press: ? - help, Shift-Dir - straight line, f - Mennas
Aim: Mennas, wielding a +2 sacred scourge of holy wrath and wearing a +0 tower shield (severely wounded, haloed)
The bolt of acid misses Mennas.
The bolt of acid hits the vault sentinel!
The vault sentinel is splashed with acid.
The acid corrodes the vault sentinel!
The vault sentinel is moderately wounded.
Mennas gestures frantically.
Mennas is healed somewhat.
Evoke which item? (* to show all) (? for menu, Esc to quit)
Aiming: Corrosive Bolt
Press: ? - help, Shift-Dir - straight line, f/p - Mennas
Aim: Mennas, wielding a +2 sacred scourge of holy wrath and wearing a +0 tower shield (severely wounded, haloed)
The bolt of acid hits Mennas.
Mennas is splashed with acid.
The acid corrodes Mennas!
Mennas is severely wounded.
The bolt of acid hits the vault sentinel.
The vault sentinel is splashed with acid.
The vault sentinel seems to be corroded for longer.
The vault sentinel is heavily wounded.
Mennas gestures frantically.
You easily resist.
You block Mennas's attack. x2
Evoke which item? (* to show all) (? for menu, Esc to quit)
Aiming: Corrosive Bolt
Press: ? - help, Shift-Dir - straight line, f/p - Mennas
Aim: Mennas, wielding a +2 sacred scourge of holy wrath and wearing a +0 tower shield (severely wounded, covered in acid, haloed)
The bolt of acid hits Mennas!
Mennas is splashed with acid.
Mennas seems to be corroded for longer.
Mennas is almost dead.
The bolt of acid hits the vault sentinel.
The vault sentinel is splashed with acid!
The vault sentinel is severely wounded.
Mennas gestures frantically.
Mennas is healed somewhat.
The vault sentinel blows a loud note on a signal horn!
Evoke which item? (* to show all) (? for menu, Esc to quit)
Aiming: Corrosive Bolt
Press: ? - help, Shift-Dir - straight line, f/p - Mennas
Aim: Mennas, wielding a +2 sacred scourge of holy wrath and wearing a +0 tower shield (severely wounded, covered in acid, haloed)
The bolt of acid misses Mennas.
The bolt of acid hits the vault sentinel!
The vault sentinel is splashed with acid.
The vault sentinel seems to be corroded for longer.
The vault sentinel is almost dead.
You block Mennas's attack. Mennas closely misses you.
You block Mennas's attack. Mennas hits you but does no damage.
You completely miss Mennas.
Mennas is severely wounded.
Mennas gestures frantically.
Mennas is healed somewhat.
You slice Mennas!! You burn Mennas.
Mennas is almost dead.
Mennas gestures frantically.
Mennas is healed somewhat.
Mennas blocks your attack.
Mennas is almost dead.
Mennas hits you with a +2 sacred scourge of holy wrath!
* * * LOW HITPOINT WARNING * * *
Mennas closely misses you. Mennas blocks your attack.
Mennas is almost dead.
You block Mennas's attack. Mennas hits you but does no damage.
Mennas hits you with a +2 sacred scourge of holy wrath!!
You die...

, #....#'######..........
, *,#....#, ,#.#########
* , , ,+....+ , ,
#.'.......### * #....#
,,, #.#.........# ,
#....# , , #.#......)..#
** #....#
#.##..#'##..#### ,#....#,
#p##..#..#..#..#*, ,,
#######A##..#..#..#..# ,
......)@#####..##(#..## ,
.......)# *#...))....#
......... #...).....# ,
,,..........,*####......#
, , ........... ########
............ , **
............. ,,,, **
##############* * ****


You could see Mennas and a vault sentinel.

Vanquished Creatures
  Mara (Swamp:3)
  the Lernaean hydra (Swamp:4)
  Margery (Vaults:2)
  2 vault wardens (Vaults:1)
  3 emperor scorpions
  5 ghost moths
  A stone giant (Vaults:2)
  An entropy weaver (Spider:2)
  A minotaur (Gauntlet)
  A deep elf annihilator (Vaults:1)
  3 spark wasps (Spider:4)
  An ettin (Vaults:2)
  2 ogre magi
  A yaktaur captain (Vaults:2)
  11 vault guards
  Harold (D:9)
  Fannar (D:10)
  17 hydras
  Erolcha (D:11)
  A shambling mangrove (Swamp:4)
  A ghost crab (Swamp:3)
  3 centaur warriors
  6 alligators
  8 two-headed ogres
  An orc high priest (Orc:2)
  3 hell knights (Vaults:2)
  Nergalle (Lair:2)
  3 sixfirhies (Gauntlet)
  A wizard (D:15)
  An unseen horror (D:10)
  A spriggan druid (Swamp:4)
  7 swamp dragons
  4 orc knights
  2 deep elf magi (D:15)
  Pikel (D:9)
  3 ironbrand convokers
  2 necromancers (Vaults:2)
  18 wolf spiders
  14 ugly things
  A stone giant zombie (Vaults:2)
  2 moths of wrath
  A sphinx skeleton (Vaults:2)
  7 orb spiders
  2 manticores (D:14)
  5 orc sorcerers
  3 cyclopes
  A human zombie (Vaults:2)
  Maurice (D:11)
  A naga mage (D:15)
  Joseph (Lair:1)
  Psyche (D:8)
  5 black mambas
  4 vault sentinels
  3 torpor snails
  2 centaur skeletons
  4 gargoyles
  15 spiny frogs
  A freezing wraith (D:15)
  4 demonic crawlers
  3 komodo dragons
  A kobold demonologist (D:15)
  3 yaktaurs (Vaults:2)
  A tengu conjurer (D:14)
  5 tyrant leeches
  26 jumping spiders
  6 trolls
  A polar bear (Lair:3)
  7 bog bodies
  Grinder (D:4)
  4 slime creatures (Swamp:4)
  8 hippogriffs
  A harpy skeleton (D:15)
  A meliai zombie (D:11)
  13 hornets
  5 blink frogs (Lair:4)
  A stone giant simulacrum (Vaults:2)
  3 flying skulls (Gauntlet)
  2 centaur simulacra (Gauntlet)
  51 redbacks
  A wraith (D:15)
  4 basilisks
  3 spriggans
  13 tarantellas
  2 vampires
  21 yaks
  A fire bat (shapeshifter) (Vaults:2)
  3 wyverns
  Grum (D:9)
  5 vampire mosquitoes
  4 hungry ghosts
  2 wargs
  3 insubstantial wisps (Swamp:1)
  6 swamp worms
  2 acid dragons (D:14)
  8 water moccasins
  10 porcupines
  30 orc warriors
  5 swamp drakes
  A slave (D:9)
  5 sky beasts
  3 black bears
  A phantom (D:12)
  5 ice beasts
  9 wolves
  16 ogres
  3 boggarts (Vaults:2)
  2 human skeletons (Vaults:2)
  10 crocodiles
  14 centaurs
  2 big kobolds
  23 bullfrogs
  A wyvern skeleton (D:11)
  4 scorpions
  A water moccasin skeleton (D:6)
  7 wights
  7 howler monkeys
  An electric eel (Spider:4)
  9 crimson imps
  3 centaur zombies
  5 hounds
  A wyvern simulacrum (Gauntlet)
  2 bullfrog zombies (D:10)
  22 orc priests
  2 bullfrog skeletons
  4 jellies
  49 orc wizards
  An iguana (D:5)
  An iron imp (D:9)
  7 worker ants
  A bullfrog simulacrum (Gauntlet)
  3 hound skeletons
  A howler monkey zombie (D:10)
  2 worker ant zombies
  8 adders
  5 shadow imps
  3 adder skeletons
  2 adder zombies
  A worm (D:4)
  2 dart slugs
  6 leopard geckos
  94 orcs
  3 giant cockroaches
  4 goblins
  3 hobgoblins (D:2)
  2 jackals (D:10)
  15 kobolds
  3 quokkas
  3 bats
  2 frilled lizards
  A jackal skeleton (D:4)
  2 rats (D:1)
  A bush (Lair:4)
  8 fungi
863 creatures vanquished.

Vanquished Creatures (collateral kills)
  Roxanne (Swamp:4)
  2 hydras (Swamp:4)
  A shambling mangrove (Swamp:2)
  An alligator (Swamp:4)
  A wizard (Vaults:2)
  4 orb spiders (Spider:2)
  A demonic crawler (Spider:2)
  4 jumping spiders
  2 tyrant leeches (Swamp:2)
  A bog body (Swamp:4)
  3 hornets
  2 vampire mosquitoes (Swamp:4)
  2 swamp drakes (Swamp:4)
25 creatures vanquished.

Vanquished Creatures (others)
  A thorn hunter (Swamp:3)
  A demonic crawler (Spider:2)
  A bog body (Lair:4)
  A hornet (Spider:4)
  A tyrant leech (Swamp:3)
  A bullfrog (D:14)
  An orc wizard (D:4)
  A goblin (D:14)
  4 fungi
  3 plants
15 creatures vanquished.

Grand Total: 903 creatures vanquished

Notes
Turn   | Place    | Note
-------+----------+-------------------------------------------
     0 | D:1      | EnegeticOcto the Deep Dwarf Fighter began the quest for the
                  | Orb.
     0 | D:1      | Reached XP level 1. HP: 20/20 MP: 1/1
   168 | D:1      | Reached XP level 2. HP: 27/27 MP: 2/2
   283 | D:3      | Reached XP level 3. HP: 34/34 MP: 3/3
   377 | D:4      | Reached skill level 1 in Dodging
   484 | D:4      | Noticed an ogre
   491 | D:4      | Killed an ogre
   491 | D:4      | Reached XP level 4. HP: 26/43 MP: 4/4
   495 | D:4      | Reached XP level 5. HP: 30/49 MP: 5/5
   629 | D:4      | Noticed Grinder
   637 | D:4      | Reached XP level 6. HP: 32/57 MP: 6/6
   660 | D:4      | Paralysed by Grinder for 6 turns
   676 | D:4      | Killed Grinder
   838 | D:4      | Reached XP level 7. HP: 56/66 MP: 7/7
  1174 | D:5      | Entered Level 5 of the Dungeon
  1193 | D:5      | Reached skill level 5 in Axes
  1400 | D:5      | Reached skill level 5 in Fighting
  2021 | D:6      | Found a glowing silver altar of Zin.
  2107 | D:6      | Found an ancient bone altar of Kikubaaqudgha.
  2107 | D:6      | Found a hide-covered altar of Uskayaw.
  2219 | D:6      | Found a hazy altar of Hepliaklqana.
  2266 | D:6      | Reached skill level 5 in Armour
  2266 | D:6      | Reached skill level 5 in Shields
  2266 | D:6      | Reached XP level 8. HP: 62/74 MP: 8/8
  2400 | D:7      | Noticed a hippogriff
  2411 | D:7      | Killed a hippogriff
  2652 | D:7      | Found a staircase to the Ecumenical Temple.
  2713 | Temple   | Entered the Ecumenical Temple
  2748 | Temple   | Became a worshipper of Makhleb the Destroyer
  2981 | D:7      | Noticed a hippogriff
  2989 | D:7      | Killed a hippogriff
  2989 | D:7      | Reached skill level 1 in Invocations
  3368 | D:8      | Noticed Psyche
  3385 | D:8      | Killed Psyche
  3385 | D:8      | Reached skill level 2 in Invocations
  3385 | D:8      | Gained mutation: You passively map the area around you.
                  | [Deep Dwarf growth]
  3385 | D:8      | Reached XP level 9. HP: 70/85 MP: 9/11
  3485 | D:8      | Found a bloodstained altar of Trog.
  3498 | D:8      | Reached skill level 3 in Invocations
  3647 | D:8      | Reached skill level 4 in Invocations
  3654 | D:8      | Reached skill level 5 in Dodging
  3730 | D:8      | Found a stormy altar of Qazlal.
  3813 | D:8      | Reached * piety under Makhleb
  4175 | D:9      | Reached skill level 5 in Invocations
  4196 | D:9      | Noticed a troll
  4211 | D:9      | Killed a troll
  4377 | D:9      | Noticed a troll
  4399 | D:9      | Killed a troll
  4399 | D:9      | Reached XP level 10. HP: 59/94 MP: 11/11
  4416 | D:9      | Noticed Harold
  4433 | D:9      | Noticed Grum
  4445 | D:9      | Killed Harold
  4445 | D:9      | Reached skill level 6 in Invocations
  4452 | D:9      | Reached ** piety under Makhleb
  4480 | D:9      | Killed Grum
  4546 | D:9      | Found Tedwiez's Jewellery Shop.
  4699 | D:9      | Noticed Pikel
  4723 | D:9      | Killed Pikel
  4723 | D:9      | Reached skill level 7 in Invocations
  4928 | D:9      | Found a snail-covered altar of Cheibriados.
  4959 | D:10     | Entered Level 10 of the Dungeon
  5106 | D:10     | Noticed a two-headed ogre
  5122 | D:10     | Killed a two-headed ogre
  5122 | D:10     | Reached skill level 8 in Invocations
  5122 | D:10     | Reached XP level 11. HP: 67/104 MP: 8/10
  5155 | D:10     | Noticed Fannar
  5206 | D:10     | Killed Fannar
  5206 | D:10     | Reached *** piety under Makhleb
  5286 | D:10     | Killed an unseen horror
  5296 | D:10     | Noticed an orc knight
  5318 | D:10     | Killed an orc knight
  5320 | D:10     | Noticed a centaur warrior
  5337 | D:10     | Killed a centaur warrior
  5337 | D:10     | Reached skill level 10 in Axes
  5528 | D:10     | Found a basalt altar of Yredelemnul.
  5555 | D:10     | Found a staircase to the Orcish Mines.
  5568 | D:10     | Found a roughly hewn altar of Beogh.
  5711 | D:10     | Reached skill level 9 in Invocations
  5858 | D:11     | Noticed Maurice
  5869 | D:11     | Killed Maurice
  5939 | D:11     | Noticed Erolcha
  5959 | D:11     | Killed Erolcha
  5966 | D:11     | Reached **** piety under Makhleb
  5996 | D:11     | Found a staircase to the Lair.
  6147 | D:11     | Gained mutation: Your muscles are strong. (Str +2) [potion
                  | of mutation]
  6147 | D:11     | Gained mutation: Your mind is acute. (Int +2) [potion of
                  | mutation]
  6580 | Lair:1   | Entered Level 1 of the Lair of Beasts
  6674 | Lair:1   | Reached skill level 10 in Invocations
  6674 | Lair:1   | Reached XP level 12. HP: 92/115 MP: 11/11
  6916 | Lair:1   | Noticed Joseph
  6929 | Lair:1   | Killed Joseph
  7019 | Lair:2   | Identified a scroll of acquirement
  7019 | Lair:2   | Identified the ring of Tiuv {Int+2 Slay+5} (You acquired it
                  | on level 2 of the Lair of Beasts)
  7053 | Lair:2   | Noticed Nergalle
  7069 | Lair:2   | Killed Nergalle
  7926 | Lair:3   | Reached ***** piety under Makhleb
  8198 | Lair:3   | Reached skill level 10 in Fighting
  8398 | Lair:4   | Found a staircase to the Swamp.
  8402 | Lair:4   | Reached skill level 11 in Invocations
  8658 | Lair:4   | Noticed an eight-headed hydra
  8665 | Lair:4   | Killed a five-headed hydra
  8788 | Lair:4   | Found a hole to the Spider Nest.
  9053 | Lair:4   | Reached XP level 13. HP: 98/124 MP: 13/13
  9777 | D:12     | Reached skill level 12 in Invocations
 10422 | D:13     | Found the +9 heavy crossbow "Sniper" {vorpal, Acc+∞ SInv}
 10695 | D:13     | You fall into a shaft and drop 2 floors!
 10695 | D:15     | Entered Level 15 of the Dungeon
 10890 | D:14     | Reached ****** piety under Makhleb
 11070 | D:14     | Noticed Nessos
 11111 | D:14     | Noticed Nessos
 11111 | D:14     | Nessos changed into Nessos the swamp dragon
 11122 | D:14     | Killed Nessos the swamp dragon
 11685 | D:13     | Found a gate to the Vaults.
 11693 | D:13     | Reached skill level 13 in Invocations
 11767 | D:13     | Reached skill level 10 in Armour
 11767 | D:13     | Gained mutation: You resist negative energy. (rN+) [Deep
                  | Dwarf growth]
 11767 | D:13     | Reached XP level 14. HP: 89/135 MP: 13/13
 11923 | D:13     | Reached skill level 10 in Shields
 12195 | D:13     | Found a shimmering blue altar of Sif Muna.
 12355 | D:9      | Bought an uncursed ring of poison resistance for 320 gold
                  | pieces
 12505 | Swamp:1  | Entered Level 1 of the Swamp
 12745 | Swamp:2  | Paralysed by a hornet for 2 turns
 12837 | Swamp:3  | Noticed a thorn hunter
 12856 | Swamp:3  | Killed a thorn hunter
 12908 | Swamp:3  | HP: 4/136 [white ugly thing (22)]
 12989 | Swamp:3  | Reached skill level 14 in Invocations
 12995 | Swamp:3  | Found a shimmering altar of Xom.
 13047 | Swamp:3  | Noticed Mara
 13051 | Swamp:3  | Noticed EnegeticOcto's illusion
 13063 | Swamp:3  | Noticed EnegeticOcto's illusion
 13091 | Swamp:3  | Noticed EnegeticOcto's illusion
 13104 | Swamp:3  | Noticed EnegeticOcto's illusion
 13108 | Swamp:3  | Killed Mara
 13170 | Swamp:4  | Entered Level 4 of the Swamp
 13170 | Swamp:4  | Identified Roxanne's Tome of Changing
 13170 | Swamp:4  | Noticed Roxanne
 13172 | Swamp:4  | Noticed a cacodemon
 13185 | Swamp:4  | Gained mutation: Your magical capacity is low. (-10% MP) [a
                  | cacodemon]
 13207 | Swamp:4  | Killed Roxanne
 13207 | Swamp:4  | Reached skill level 10 in Dodging
 13387 | Swamp:4  | Reached XP level 15. HP: 138/145 MP: 1/1
 13411 | Swamp:4  | Noticed the 27-headed Lernaean hydra
 13418 | Swamp:4  | Killed the 22-headed Lernaean hydra
 13418 | Swamp:4  | Reached skill level 15 in Invocations
 13480 | Swamp:4  | Got a decaying rune of Zot
 14194 | D:15     | Found a sparkling altar of Nemelex Xobeh.
 14323 | D:15     | Found a staircase to the Depths.
 14657 | Orc:1    | Entered Level 1 of the Orcish Mines
 14815 | Orc:1    | Found a roughly hewn altar of Beogh.
 15294 | Orc:2    | Entered Level 2 of the Orcish Mines
 15347 | Orc:2    | Found a gate leading to a gauntlet.
 15364 | Gauntlet | Entered a Gauntlet
 15364 | Gauntlet | Found a runed translucent door.
 15364 | Gauntlet | Found a transporter.
 15364 | Gauntlet | Found a runed translucent door.
 15371 | Gauntlet | Found a transporter.
 15373 | Gauntlet | Found a transporter.
 15382 | Gauntlet | Found a transporter.
 15384 | Gauntlet | Found a transporter.
 15395 | Gauntlet | Found a transporter.
 15411 | Gauntlet | Found a transporter.
 15421 | Gauntlet | Found a transporter.
 15431 | Gauntlet | Found a transporter.
 15445 | Gauntlet | Found a transporter.
 15456 | Gauntlet | Found a runed translucent door.
 15459 | Gauntlet | Found a transporter.
 15459 | Gauntlet | Found a transporter.
 15462 | Gauntlet | Found a runed translucent door.
 15499 | Gauntlet | Found a transporter.
 15516 | Gauntlet | Found a transporter.
 15690 | Gauntlet | Got an ancient turquoise ring
 15696 | Gauntlet | Identified the ring of Tocunak {MR+ Str+3} (You found it in
                  | a Gauntlet)
 15699 | Gauntlet | Identified the ring "Vinap" {Wiz MP+9}
 15720 | Gauntlet | Identified Wosarph's Collected Works on Bewitchment and the
                  | Rocks
 15721 | Gauntlet | Got a warped golden ring
 16144 | Orc:2    | Found a staircase to the Elven Halls.
 16256 | Orc:2    | Found Ekhlotz's Assorted Antiques.
 16256 | Orc:2    | Found Xehuhucs's Food Shop.
 16257 | Orc:2    | Found Daeggouc's Weapon Shop.
 16260 | Orc:2    | Found Sadghume's Antique Armour Boutique.
 16271 | Orc:2    | Bought a pair of warped boots for 380 gold pieces
 16271 | Orc:2    | Bought a glowing helmet for 300 gold pieces
 16286 | Orc:2    | Identified the +2 pair of boots "Feageoqa" {rElec rPois}
                  | (You bought it in a shop on level 2 of the Orcish Mines)
 16289 | Orc:2    | Identified the ring "Tuff" {Ice Str+5 Int+4} (You found it
                  | in a Gauntlet)
 16300 | Orc:2    | Bought a scroll labeled FYPSUOS DAMMA for 30 gold pieces
 16300 | Orc:2    | Bought a scroll of identify for 60 gold pieces
 16533 | Spider:1 | Entered Level 1 of the Spider Nest
 16708 | Spider:1 | Reached skill level 15 in Axes
 16775 | Spider:2 | Reached skill level 16 in Invocations
 16775 | Spider:2 | Reached XP level 16. HP: 156/156 MP: 1/1
 17339 | Spider:4 | Entered Level 4 of the Spider Nest
 17339 | Spider:4 | Found a transporter.
 17339 | Spider:4 | Found a transporter.
 17340 | Spider:4 | Noticed a tentacled starspawn
 17342 | Spider:4 | Noticed EnegeticOcto's ghost (journeyman DDFi)
 17598 | Spider:4 | Reached skill level 17 in Invocations
 17669 | Spider:4 | Got a gossamer rune of Zot
 18048 | Vaults:1 | Entered Level 1 of the Vaults
 18115 | Vaults:1 | Reached XP level 17. HP: 109/165 MP: 1/1
 18545 | Vaults:2 | Noticed Margery
 18553 | Vaults:2 | Noticed Mennas
 18562 | Vaults:2 | Killed Margery
 18624 | Vaults:2 | HP: 8/166 [Mennas/+2 sacred scourge of holy wrath (7)]
 18625 | Vaults:2 | Mangled by Mennas

Levels and vault maps discovered:
D:1:      giann_bridges, layout_basic
D:2:      layout_rooms, kennysheep_okawaru_gauntlet, first_ration
D:3:      layout_rooms, kennysheep_generic_room_10
D:4:      layout_loops_ring, minmay_misc_feat_room, uniq_grinder
D:5:      layout_basic
D:6:      layout_cave_pools, lemuel_round_altar, nicolae_overflow_hidden_temple,
          lemuel_statue_altar
D:7:      layout_cave_pods, minmay_temple_entry_enclosed_plants,
          serial_column_ruins, column_ruins_hut, column_ruins_corridor_straight,
          column_ruins_grid_3, column_ruins_open_small_water
D:8:      minmay_razor_zed, layout_basic, nicolae_qazlal_general_emergency,
          trog_ov_bears_minmay, uniq_psyche
D:9:      layout_basic, serial_shops, shop, grunt_ogre_cave, chei_slow_surprise,
          uniq_grum, uniq_harold, uniq_pikel
D:10:     minmay_distorted_concentric_squares, layout_cave_pools,
          minmay_orc_entry_temple_small, basic_altar, uniq_fannar
D:11:     layout_basic, grunt_lair_entry_orc_guard_hut, uniq_erolcha,
          uniq_maurice
D:12:     layout_layer_cave
D:13:     layout_long_grid, erik_vaults_2, lemuel_blue_sif_altar
D:14:     layout_small_grid, minmay_misc_feat_four_crosses, amethyst_killhole,
          corexii_checkpoint_a, uniq_nessos
D:15:     grunt_enter_depths_magical_seal, layout_long_grid,
          nemelex_diamond_rough_becter
Temple:   eino_temple_rhombus
Lair:1:   layout_roguey, eino_small_chamber_without_monster,
          beast_lair_carwin_11, grunt_megastairs_4, uniq_joseph
Lair:2:   layout_regular_city, minmay_holes, grunt_megastairs_5, uniq_nergalle
Lair:3:   layout_long_grid, serial_bayou_shore_a
Lair:4:   layout_cave_pods, skrybe_swamp_entry_bodies,
          nicolae_spider_entry_tight_spaces, grunt_forest_large_clearing_hut,
          lemuel_fruit_tree
Swamp:1:  layout_falls_marsh, infiniplex_staircase_pool, swamp_pool4,
          uniq_jorgrun
Swamp:2:  layout_basic_swamp, wheals_swamp_sinkhole, swamp_pool2
Swamp:3:  layout_falls_marsh, portal_ice_cave_entry_pillars_2,
          hangedman_swamp_pad, lemuel_altar_in_water, uniq_mara
Swamp:4:  swamp_basic_johnstein, layout_basic_swamp, grunt_lady_of_the_lake,
          uniq_louise, uniq_roxanne
Spider:1: layout_spider_delve, uniq_josephine
Spider:2: layout_spider_delve
Spider:3: layout_spider_delve, nicolae_spider_webs_and_nodes, uniq_nikola,
          uniq_arachne
Spider:4: spider_rune_water, gammafunk_ghost_abyssal_escape, drop_trap,
          nicolae_spider_ant_collections
Orc:1:    layout_diamond_mine, basic_altar
Orc:2:    st_orc_mages, layout_caves, gauntlet_entry_generic
Vaults:1: vaults_room_hallway, grunt_vaults_diagonal, grunt_vaults_focal,
          hangedman_vaults_pinch, v_misc_18, v_misc_5, vaults_room_octagon,
          v_alt_pattern_2, vaults_dpeg_spiral, ontoclasm_vaults_gateway,
          v_pattern_4, special_room_vaults [special_room_orc],
          ontoclasm_vaults_eye, layout_vaults_big_room
Vaults:2: v_rooms_1, minmay_crypt_entry_vampire_xt, v_rooms_3,
          nicolae_vaults_specimen_jars, hangedman_vaults_snaps,
          vaults_room_door_hall, ontoclasm_vaults_echo, vaults_room_grid,
          vaults_room_pools, nicolae_vaults_yaktaur_gun_rack,
          layout_vaults_omnibox, uniq_mennas, uniq_margery

Skill      XL: |  1  2  3  4  5  6  7  8  9 10 11 12 13 14 15 16 17 |
---------------+----------------------------------------------------+-----
Fighting       | 3 4 5 6 7 8 9 10 11 12 13 14 | 14.3
Axes           | 3 4 5 7 8 9 10 11 12 14 15 16 | 16.5
Dodging        | 1 2 3 4 5 6 7 8 9 10 | 10.9
Shields        | 4 5 6 7 8 9 10 11 12 | 12.4
Armour         | 4 5 6 7 8 9 10 11 12 | 12.4
Invocations    | 2 5 8 10 11 13 14 16 17 | 17.9

Action                   |  1- 3 |  4- 6 |  7- 9 | 10-12 | 13-15 | 16-18 || total
-------------------------+-------+-------+-------+-------+-------+-------++-------
Melee: War axe           |   101 |   108 |   361 |   482 |       |       ||  1052
       Broad axe         |       |       |       |   363 |  1138 |   581 ||  2082
Invok: Greater Servant o |       |       |       |       |     9 |     3 ||    12
       Lesser Servant of |       |       |       |       |     6 |     3 ||     9
 Abil: Heal Wounds       |       |     6 |    17 |    32 |    70 |     7 ||   132
Evoke: Wand              |       |       |       |     3 |     1 |     4 ||     8
  Use: Potion            |       |     1 |       |     1 |     9 |     6 ||    17
       Scroll            |       |       |    12 |     6 |    14 |     1 ||    33
 Stab: Distracted        |       |       |       |     1 |     4 |     1 ||     6
       Invisible         |       |       |       |       |       |     6 ||     6
  Eat: Chunk             |       |       |    14 |    19 |    24 |     8 ||    65
       Ration            |       |       |       |     3 |     1 |       ||     4
Armor: Scale mail        |    50 |    29 |    16 |       |       |       ||    95
       Skin              |       |    19 |       |       |    13 |       ||    32
       Chain mail        |       |       |   226 |   369 |   379 |       ||   974
       Plate armour      |       |       |       |       |    43 |   488 ||   531
Dodge: Dodged            |    41 |    21 |   137 |   347 |   530 |   385 ||  1461
Block: Kite shield       |    56 |    54 |   247 |   486 |   787 |   524 ||  2154

Table legend:
 A = Non-vault XP
 B = Vault XP
 C = Vault XP percentage of total XP
 D = Non-vault monster count
 E = Vault monster count
 F = Vault count percentage of total count
                 A         B        C        D         E       F
            +---------+---------+-------+---------+---------+-------
      Total |  140175 |  103305 |  42.4 |     662 |     223 |  25.2
            +---------+---------+-------+---------+---------+-------
        D:1 |      14 |       0 |   0.0 |       7 |       0 |   0.0
        D:2 |      22 |       0 |   0.0 |      11 |       0 |   0.0
        D:3 |      21 |       0 |   0.0 |       6 |       0 |   0.0
        D:4 |     469 |     267 |  36.3 |      27 |       1 |   3.6
        D:5 |     407 |       0 |   0.0 |      14 |       0 |   0.0
        D:6 |     299 |       0 |   0.0 |       6 |       0 |   0.0
        D:7 |    1106 |       0 |   0.0 |      14 |       0 |   0.0
        D:8 |     637 |    1355 |  68.0 |       9 |      15 |  62.5
        D:9 |    2029 |    2413 |  54.3 |      37 |       9 |  19.6
       D:10 |    3303 |    3749 |  53.2 |      35 |      18 |  34.0
       D:11 |    1695 |    2088 |  55.2 |      22 |       7 |  24.1
       D:12 |    4256 |       0 |   0.0 |      33 |       0 |   0.0
       D:13 |    4961 |    7846 |  61.3 |      33 |       8 |  19.5
       D:14 |    7893 |     663 |   7.7 |      41 |       2 |   4.7
       D:15 |    6274 |    6365 |  50.4 |      40 |      11 |  21.6
     Lair:1 |    2966 |    1884 |  38.8 |      17 |       7 |  29.2
     Lair:2 |    1821 |     885 |  32.7 |       9 |       2 |  18.2
     Lair:3 |    2219 |       0 |   0.0 |      12 |       0 |   0.0
     Lair:4 |    5951 |    4522 |  43.2 |      21 |      14 |  40.0
    Swamp:1 |    2885 |       0 |   0.0 |       8 |       0 |   0.0
    Swamp:2 |    7309 |       0 |   0.0 |      19 |       0 |   0.0
    Swamp:3 |    8140 |    4812 |  37.2 |      20 |       1 |   4.8
    Swamp:4 |    9540 |   21530 |  69.3 |      28 |      26 |  48.1
   Spider:1 |    4468 |       0 |   0.0 |      13 |       0 |   0.0
   Spider:2 |   14451 |       0 |   0.0 |      35 |       0 |   0.0
   Spider:3 |    7602 |       0 |   0.0 |      24 |       0 |   0.0
   Spider:4 |   16422 |   16722 |  50.5 |      42 |      30 |  41.7
      Orc:1 |    1341 |       0 |   0.0 |      28 |       0 |   0.0
      Orc:2 |    2600 |    4771 |  64.7 |      19 |      40 |  67.8
   Vaults:1 |   12815 |    6263 |  32.8 |      18 |       8 |  30.8
   Vaults:2 |    6259 |   12343 |  66.4 |      14 |      13 |  48.1
   Gauntlet |       0 |    4827 | 100.0 |       0 |      11 | 100.0
            +---------+---------+-------+---------+---------+-------
